MLB
CLEVELAND GUARDIANS @ CINCINNATI REDS
04/12/2099
 
TOP OF THE 1ST
Cleveland Guardians batting - Pitching for Cincinnati Reds : RHP Mike Lewis
Pitching: RHP Mike Lewis
Batting: RHB Chase Calhoun 0-0: Ball
1-0: Fly out, F3 (Popup, 3S, EV 56.9 MPH)
Batting: LHB Donny Liebler 0-0: Fly out, F7 (Flyball, 7D, EV 106.3 MPH)
Batting: LHB Jonathan Setzler 0-0: Ground out 4-3 (Groundball, 4S, EV 69.4 MPH)
Top of the 1st over - 0 runs, 0 hits, 0 errors, 0 left on base; Cleveland 0 - Cincinnati 0
BOTTOM OF THE 1ST
Cincinnati Reds batting - Pitching for Cleveland Guardians : LHP Jason Wight
Pitching: LHP Jason Wight
Batting: RHB Earl Boivin 0-0: Ball
1-0: Foul Ball, location: 7LDF
1-1: Foul Ball, location: 2F
1-2: TRIPLE (Line Drive, 9LD, EV 110.0 MPH)
Batting: LHB Jonathan Nelson 0-0: Called Strike
0-1: Called Strike
0-2: Strikes out swinging
Batting: RHB Jesus Najera 0-0: Ball
1-0: Ball
2-0: Ball
3-0: Base on Balls
Batting: LHB Steve Carbone 0-0: Ball
Jesus Najera steals 2nd base
1-0: 3-RUN HOME RUN (Flyball, 78XD, EV 103.8 MPH), Distance : 392 ft
Batting: RHB Jamie Schexnider 0-0: Called Strike
0-1: Ball
1-1: Ball
2-1: Ground out U3 (Groundball, 34, EV 81.3 MPH)
Batting: RHB Erik Schmidt 0-0: Called Strike
0-1: Foul Ball, location: 5F
0-2: Ball
1-2: Ball
2-2: Strikes out swinging, 2-3 out at first.
Bottom of the 1st over - 3 runs, 2 hits, 0 errors, 0 left on base; Cleveland 0 - Cincinnati 3
TOP OF THE 2ND
Cleveland Guardians batting - Pitching for Cincinnati Reds : RHP Mike Lewis
Batting: RHB Barry Nicholson 0-0: Called Strike
0-1: Ball
1-1: Called Strike
1-2: Strikes out looking
Batting: LHB Matt Cleary 0-0: Ball
1-0: Ball
2-0: Ball
3-0: Base on Balls
Batting: LHB Mel Soto 0-0: Ball
1-0: Ball
2-0: Ball
Wild Pitch!
Matt Cleary to second
3-0: Base on Balls
Batting: LHB Dallas Ostrove 0-0: Called Strike
0-1: Swinging Strike
0-2: Ball
1-2: Foul Ball, location: 3SF
1-2: Ball
2-2: Strikes out looking
Batting: RHB Tyler O'Brien 0-0: Ball
1-0: Ball
2-0: Foul Ball, location: 2F
2-1: Ball
3-1: Foul Ball, location: 2F
3-2: Strikes out swinging
Top of the 2nd over - 0 runs, 0 hits, 0 errors, 2 left on base; Cleveland 0 - Cincinnati 3
BOTTOM OF THE 2ND
Cincinnati Reds batting - Pitching for Cleveland Guardians : LHP Jason Wight
Batting: RHB Salvador Salaedo 0-0: Ball
1-0: SINGLE (Groundball, 15, EV 70.0 MPH) (infield hit)
Batting: RHB Alfonso Tejeda 0-0: Foul Ball, location: 2F
0-1: Fly out, F4 (Line Drive, 4M, EV 66.3 MPH)
Batting: RHB Jake Kidd 0-0: Called Strike
Salvador Salaedo steals 2nd base
0-1: Swinging Strike
0-2: Ball
1-2: Strikes out swinging
Batting: RHB Earl Boivin 0-0: Ball
1-0: Called Strike
1-1: TRIPLE (Line Drive, 8LXD, EV 103.8 MPH)
Salvador Salaedo scores
Batting: LHB Jonathan Nelson 0-0: Foul Ball, location: 7LMF
0-1: Called Strike
0-2: Ball
1-2: Foul Ball, location: 23F
1-2: Ball
2-2: Strikes out swinging
Bottom of the 2nd over - 1 run, 2 hits, 0 errors, 1 left on base; Cleveland 0 - Cincinnati 4
TOP OF THE 3RD
Cleveland Guardians batting - Pitching for Cincinnati Reds : RHP Mike Lewis
Batting: RHB Chris Goacher 0-0: Foul Ball, location: 2F
0-1: Swinging Strike
0-2: Hit by Pitch
Batting: RHB Chase Calhoun 0-0: Called Strike
Chris Goacher is caught stealing 2nd base 2-4
0-1: DOUBLE (Line Drive, 78M, EV 96.3 MPH)
Batting: LHB Donny Liebler 0-0: Reached on error, E4 (Groundball, 4, EV 90.6 MPH)
Batting: LHB Jonathan Setzler 0-0: Swinging Strike
0-1: Swinging Strike
0-2: Foul Ball, location: 5F
0-2: Ball
1-2: Ball
2-2: Strikes out swinging
Batting: RHB Barry Nicholson 0-0: Called Strike
0-1: Foul Ball, location: 2F
0-2: Ball
1-2: Ground out 4-3 (Groundball, 4, EV 85.6 MPH)
Top of the 3rd over - 0 runs, 1 hit, 1 error, 2 left on base; Cleveland 0 - Cincinnati 4
BOTTOM OF THE 3RD
Cincinnati Reds batting - Pitching for Cleveland Guardians : LHP Jason Wight
Batting: RHB Jesus Najera 0-0: Called Strike
0-1: Foul Ball, location: 9LSF
0-2: Fly out, F8 (Flyball, 8RD, EV 102.5 MPH)
Batting: LHB Steve Carbone 0-0: Ball
1-0: SOLO HOME RUN (Flyball, 8LXD, EV 106.9 MPH), Distance : 426 ft
Batting: RHB Jamie Schexnider 0-0: Ball
1-0: Ball
2-0: Ball
3-0: Called Strike
3-1: Foul Ball, location: 2F
3-2: Strikes out swinging, 2-3 out at first.
Batting: RHB Erik Schmidt 0-0: Swinging Strike
0-1: Swinging Strike
0-2: Foul Ball, location: 9LDF
0-2: Ball
1-2: Ball
2-2: Strikes out swinging
Bottom of the 3rd over - 1 run, 1 hit, 0 errors, 0 left on base; Cleveland 0 - Cincinnati 5
TOP OF THE 4TH
Cleveland Guardians batting - Pitching for Cincinnati Reds : RHP Mike Lewis
Batting: LHB Matt Cleary 0-0: Ball
1-0: Ball
2-0: Ball
3-0: Base on Balls
Batting: LHB Mel Soto 0-0: Ball
1-0: Ball
2-0: Called Strike
2-1: Called Strike
2-2: Strikes out swinging
Batting: LHB Dallas Ostrove 0-0: Called Strike
0-1: Ball
1-1: Ball
2-1: Ball
3-1: Base on Balls
Matt Cleary to second
Batting: RHB Tyler O'Brien 0-0: Called Strike
0-1: Foul Ball, location: 2F
0-2: Strikes out looking
Batting: RHB Chris Goacher 0-0: Called Strike
0-1: Foul Ball, location: 9LDF
0-2: Foul Ball, location: 2F
0-2: Foul Ball, location: 3FF
0-2: Strikes out swinging
Top of the 4th over - 0 runs, 0 hits, 0 errors, 2 left on base; Cleveland 0 - Cincinnati 5
BOTTOM OF THE 4TH
Cincinnati Reds batting - Pitching for Cleveland Guardians : LHP Jason Wight
Pitching: LHP Gaby Juarbe Jr.
Batting: RHB Salvador Salaedo 0-0: Swinging Strike
0-1: Called Strike
0-2: Ball
1-2: Ground out 5-3 (Groundball, 5, EV 68.8 MPH)
Batting: RHB Alfonso Tejeda 0-0: Ball
1-0: Ball
2-0: Ball
3-0: Base on Balls
Batting: RHB Jake Kidd 0-0: Fly out, F7 (Flyball, 7LD, EV 108.8 MPH)
Batting: RHB Earl Boivin 0-0: Ball
1-0: Ball
2-0: DOUBLE (Line Drive, 7LM, EV 105.0 MPH)
Alfonso Tejeda to third
Batting: LHB Jonathan Nelson 0-0: Foul Ball, location: 9LSF
0-1: Foul Ball, location: 7LDF
0-2: Foul Ball, location: 7LSF
0-2: Foul Ball, location: 25F
0-2: Ground out 4-3 (Groundball, 4D, EV 77.5 MPH)
Bottom of the 4th over - 0 runs, 1 hit, 0 errors, 2 left on base; Cleveland 0 - Cincinnati 5
TOP OF THE 5TH
Cleveland Guardians batting - Pitching for Cincinnati Reds : RHP Mike Lewis
Batting: RHB Chase Calhoun 0-0: Called Strike
0-1: Swinging Strike
0-2: Ball
1-2: Fly out, F9 (Flyball, 9LD, EV 103.1 MPH)
Batting: LHB Donny Liebler 0-0: Ball
1-0: Ball
2-0: Called Strike
2-1: Ball
3-1: Ground out U3 (Groundball, 13, EV 87.5 MPH)
Batting: LHB Jonathan Setzler 0-0: Ball
1-0: Foul Ball, location: 5F
1-1: SINGLE (Groundball, 6D, EV 95.0 MPH)
Pitching: RHP Harley Sinclair
Batting: RHB Barry Nicholson 0-0: Fly out, F8 (Flyball, 89M, EV 74.4 MPH)
Top of the 5th over - 0 runs, 1 hit, 0 errors, 1 left on base; Cleveland 0 - Cincinnati 5
BOTTOM OF THE 5TH
Cincinnati Reds batting - Pitching for Cleveland Guardians : LHP Gaby Juarbe Jr.
Batting: RHB Jesus Najera 0-0: Ball
1-0: Called Strike
1-1: Ball
2-1: Called Strike
2-2: Strikes out swinging
Batting: LHB Steve Carbone 0-0: Called Strike
0-1: Foul Ball, location: 25FF
0-2: Ball
1-2: Fly out, F8 (Flyball, 8LD, EV 106.9 MPH)
Batting: RHB Jamie Schexnider 0-0: Ground out 6-3 (Groundball, 6S, EV 65.6 MPH)
Bottom of the 5th over - 0 runs, 0 hits, 0 errors, 0 left on base; Cleveland 0 - Cincinnati 5
TOP OF THE 6TH
Cleveland Guardians batting - Pitching for Cincinnati Reds : RHP Harley Sinclair
Batting: LHB Matt Cleary 0-0: Ground out 6-3 (Groundball, 6, EV 106.9 MPH)
Batting: LHB Mel Soto 0-0: SINGLE (Line Drive, 4D, EV 103.8 MPH)
Batting: LHB Dallas Ostrove 0-0: Ball
1-0: Ball
2-0: Foul Ball, location: 2F
2-1: Foul Ball, location: 7LSF
2-2: Grounds into double play, 4-6-3 (Groundball, 4, EV 96.3 MPH)
Top of the 6th over - 0 runs, 1 hit, 0 errors, 0 left on base; Cleveland 0 - Cincinnati 5
BOTTOM OF THE 6TH
Cincinnati Reds batting - Pitching for Cleveland Guardians : LHP Gaby Juarbe Jr.
Batting: RHB Erik Schmidt 0-0: Called Strike
0-1: Swinging Strike
0-2: Ball
1-2: Strikes out looking
Batting: RHB Salvador Salaedo 0-0: Fly out, F7 (Flyball, 7, EV 76.3 MPH)
Batting: RHB Alfonso Tejeda 0-0: Foul Ball, location: 9LSF
0-1: Ball
1-1: Called Strike
1-2: Ball
2-2: Foul Ball, location: 9LMF
2-2: Strikes out swinging
Bottom of the 6th over - 0 runs, 0 hits, 0 errors, 0 left on base; Cleveland 0 - Cincinnati 5
TOP OF THE 7TH
Cleveland Guardians batting - Pitching for Cincinnati Reds : RHP Harley Sinclair
Batting: RHB Tyler O'Brien 0-0: Called Strike
0-1: Swinging Strike
0-2: Strikes out swinging, 2-3 out at first.
Batting: RHB Chris Goacher 0-0: Called Strike
0-1: Ball
1-1: Foul Ball, location: 2F
1-2: Fly out, F8 (Line Drive, 8RD, EV 94.4 MPH)
Batting: RHB Chase Calhoun 0-0: Ball
1-0: Ball
2-0: Fly out, F8 (Flyball, 89D, EV 97.5 MPH)
Top of the 7th over - 0 runs, 0 hits, 0 errors, 0 left on base; Cleveland 0 - Cincinnati 5
BOTTOM OF THE 7TH
Cincinnati Reds batting - Pitching for Cleveland Guardians : LHP Gaby Juarbe Jr.
Batting: RHB Jake Kidd 0-0: Ball
1-0: Foul Ball, location: 9LSF
1-1: SINGLE (Groundball, 4D, EV 94.4 MPH)
Pitching: RHP John Skinner
Batting: RHB Earl Boivin 0-0: Grounds into double play, 6-4-3 (Groundball, 6, EV 109.4 MPH)
Batting: LHB Jonathan Nelson 0-0: Foul Ball, location: 2F
0-1: Ball
1-1: Ball
2-1: Foul Ball, location: 2F
2-2: Fly out, F9 (Flyball, 9S, EV 95.0 MPH)
Bottom of the 7th over - 0 runs, 1 hit, 0 errors, 0 left on base; Cleveland 0 - Cincinnati 5
TOP OF THE 8TH
Cleveland Guardians batting - Pitching for Cincinnati Reds : RHP Harley Sinclair
Batting: LHB Donny Liebler 0-0: Ball
1-0: Called Strike
1-1: SINGLE (Line Drive, 8RS, EV 90.6 MPH)
Batting: LHB Jonathan Setzler 0-0: Fly out, F7 (Flyball, 7, EV 83.8 MPH)
Batting: RHB Barry Nicholson 0-0: Ball
1-0: Swinging Strike
1-1: Ball
2-1: Ball
3-1: Base on Balls
Donny Liebler to second
Batting: LHB Matt Cleary 0-0: Ball
1-0: Called Strike
1-1: Swinging Strike
1-2: Ball
2-2: Foul Ball, location: 2F
2-2: Ball
3-2: Strikes out swinging
Pitching: RHP Dustin Guerin
Batting: LHB Mel Soto 0-0: Called Strike
0-1: Swinging Strike
0-2: Ball
1-2: Foul Ball, location: 3FF
1-2: Ball
2-2: Ball
3-2: Strikes out swinging
Top of the 8th over - 0 runs, 1 hit, 0 errors, 2 left on base; Cleveland 0 - Cincinnati 5
BOTTOM OF THE 8TH
Cincinnati Reds batting - Pitching for Cleveland Guardians : RHP John Skinner
Batting: RHB Jesus Najera 0-0: Foul Ball, location: 5F
0-1: Ball
1-1: Foul Ball, location: 9LMF
1-2: Ball
2-2: Ball
3-2: Strikes out swinging
Batting: LHB Steve Carbone 0-0: Ball
1-0: Ball
2-0: Ball
3-0: Called Strike
3-1: Called Strike
3-2: SINGLE (Line Drive, 34, EV 93.8 MPH)
Batting: RHB Jamie Schexnider 0-0: Called Strike
Steve Carbone steals 2nd base
0-1: Foul Ball, location: 2F
0-2: Ball
1-2: Ball
2-2: Foul Ball, location: 9LSF
2-2: Strikes out swinging
Batting: RHB Erik Schmidt 0-0: Called Strike
0-1: Called Strike
0-2: Ball
1-2: Ball
2-2: Strikes out swinging
Bottom of the 8th over - 0 runs, 1 hit, 0 errors, 1 left on base; Cleveland 0 - Cincinnati 5
TOP OF THE 9TH
Cleveland Guardians batting - Pitching for Cincinnati Reds : RHP Dustin Guerin
Batting: LHB Dallas Ostrove 0-0: Ball
1-0: Ball
2-0: Called Strike
2-1: Fly out, F8 (Flyball, 8LXD, EV 93.1 MPH)
Batting: RHB Tyler O'Brien 0-0: Ground out 4-3 (Groundball, 4, EV 97.5 MPH)
Batting: RHB Chris Goacher 0-0: Ball
1-0: Foul Ball, location: 3F
1-1: Ground out 6-3 (Groundball, 6, EV 87.5 MPH)
Top of the 9th over - 0 runs, 0 hits, 0 errors, 0 left on base; Cleveland 0 - Cincinnati 5
Thursday, May 2nd , 2024 - OOTP Baseball 24.11 Build 85